 Dungeon Crawl Stone Soup version 0.18.1-48-g4cf74bf (webtiles) character file.

322 HEYYEYAAE the Skirmisher (level 6, 0/52 HPs)
             Began as a Demigod Gladiator on Sept 8, 2016.
             Slain by an ogre
             ... wielding a +0 giant club
              (11 damage)
             ... on level 4 of the Dungeon.
             The game lasted 00:04:21 (3953 turns).

HEYYEYAAE the Skirmisher (Demigod Gladiator)        Turns: 3953, Time: 00:04:22

Health: 0/52       AC:  5    Str: 22      XL:     6   Next: 2%
Magic:  8/8        EV: 13    Int: 11 (12) God:
Gold:   161        SH:  0    Dex: 15 (16) Spells: 0 memorised, 5 levels left

rFire  . . .     SeeInvis .     v - +0 trident (venom)
rCold  . . .     Gourm    .     b - +0 leather armour
rNeg   . . .     Faith    .     (no shield)
rPois  .         Spirit   .     c - +1 helmet
rElec  .         Dismiss  .     (no cloak)
rCorr  .         Reflect  .     (no gloves)
SustAt +         Harm     .     (no boots)
MR     .....     Rnd*Tele +     (no amulet)
Stlth  ..........               w - ring of loudness (curse)
                                t - ring of teleportation (curse)

@: not resistant to hostile enchantments, extremely unstealthy
A: high mp 1, sustain attributes
a: no special abilities


You were on level 4 of the Dungeon.
You were not hungry.

You visited 1 branch of the dungeon, and saw 5 of its levels.

You collected 161 gold pieces.

Inventory:

Hand Weapons
 a - a +1 rapier
 v - a +0 trident of venom (weapon)
Missiles
 d - 5 throwing nets (quivered)
Armour
 b - a +0 leather armour (worn)
 c - a +1 helmet (worn)
 l - a +0 buckler
Jewellery
 t - a cursed ring of teleportation (left hand)
 w - a cursed ring of loudness (right hand)
Wands
 i - a wand of polymorph (11/24)
Scrolls
 e - a scroll of enchant armour
 g - a scroll of amnesia
 h - 3 scrolls of remove curse
Comestibles
 f - a bread ration
 m - a beef jerky


   Skills:
 * Level 3.7 Fighting
 + Level 3.5 Short Blades
 - Level 1.7 Throwing
 + Level 2.1 Armour
 + Level 3.6 Dodging
 + Level 1.8 Shields


You had 5 spell levels left.
You didn't know any spells.

Dungeon Overview and Level Annotations

Branches:
Dungeon (5/15)
 Temple: D:4-7

Annotations:
D:5 Dowan, Duvessa


Innate Abilities, Weirdness & Mutations

You have an increased reservoir of magic (+10% MP).
Your attributes are resistant to harm.


Message History

You hit the iguana.
You kill the iguana!
You have reached level 6!
Your experience leads to an increase in your attributes!
Your base attributes are Str 20, Int 12, Dex 16.
Increase (S)trength, (I)ntelligence, or (D)exterity?
You feel stronger. x2
You hit the ogre.
The ogre is poisoned.
The ogre is lightly wounded.
The ogre hits you with a giant club!
You barely miss the ogre.
The ogre is lightly wounded.
The ogre hits you with a giant club!!
* * * LOW HITPOINT WARNING * * *
You are too injured to fight recklessly!
The ogre looks more healthy.
The ogre misses you.
The ogre shouts!
The ogre hits you with a giant club!
You die...

## ..# # ###.###. #####
#....... #...# ##.#..####
#...# #........#
#######...###.....##.#####
................O>.......
#....#####.##.O.@#..#..# #
#.##.#####.##..........#.#
#.#.....<#.########..<...###
#.#..#####.# #......(.....
#.#..# #.# #..#O##.#####
#.#..# #.# #..#.........
#.#### ... #.O#..##.### .
#.# ... #..##.##..# .<.. #.#
#..##..##.##.#..


You could see 2 ogres.

Vanquished Creatures
  An orc priest (D:3)
  An orc wizard (D:3)
  2 iguanas (D:4)
  2 worker ants (D:3)
  3 gnolls (D:3)
  3 adders
  2 oozes (D:1)
  5 worms
  2 dart slugs
  2 giant geckos (D:3)
  10 orcs
  9 bats
  3 giant cockroaches
  8 goblins
  9 hobgoblins
  A quokka (D:3)
  4 giant newts
  5 kobolds
  6 rats
78 creatures vanquished.

Notes
Turn   | Place    | Note
--------------------------------------------------------------
     0 | D:1      | HEYYEYAAE the Demigod Gladiator began the quest for the Orb.
     0 | D:1      | Reached XP level 1. HP: 17/17 MP: 3/3
   132 | D:1      | Reached XP level 2. HP: 16/24 MP: 4/4
   707 | D:2      | Reached XP level 3. HP: 29/29 MP: 5/5
   860 | D:2      | Reached skill level 1 in Armour
  1253 | D:2      | Reached skill level 1 in Shields
  1596 | D:3      | Reached XP level 4. HP: 23/37 MP: 6/6
  1866 | D:3      | Found a glowing silver altar of Zin.
  1867 | D:3      | Found a white marble altar of Elyvilon.
  1870 | D:3      | Found a glowing golden altar of the Shining One.
  1901 | D:3      | Found a burning altar of Makhleb.
  1909 | D:3      | Reached XP level 5. HP: 22/45 MP: 7/7
  2377 | D:3      | Found a blossoming altar of Fedhas.
  2516 | D:3      | Found a bloodstained altar of Trog.
  2842 | D:3      | Found a sparkling altar of Nemelex Xobeh.
  3260 | D:4      | Noticed an ogre
  3280 | D:4      | You fall through a shaft!
  3280 | D:5      | Entered Level 5 of the Dungeon
  3280 | D:5      | Noticed a phantom
  3295 | D:5      | Noticed Duvessa
  3295 | D:5      | Noticed Dowan
  3593 | D:4      | HP: 2/45 [iguana (3)]
  3913 | D:4      | Noticed an ogre
  3925 | D:4      | Reached XP level 6. HP: 39/52 MP: 8/8
  3953 | D:4      | Slain by an ogre

Skill      XL: |  1  2  3  4  5 |
---------------+----------------+-----
Fighting       | 2 3 |  3.7
Short Blades   | 3 |  3.5
Dodging        | 3 |  3.6
Armour         | 1 2 |  2.1
Shields        | 1 |  1.8
Throwing       | |  1.7

Action                   |  1- 3 |  4- 6 || total
-------------------------+-------+-------++-------
Melee: Rapier            |   149 |   200 ||   349
       Trident           |       |    21 ||    21
  Use: Scroll            |       |    10 ||    10
       Potion            |       |     5 ||     5
 Stab: Sleeping          |     1 |     1 ||     2
  Eat: Chunk             |     1 |     9 ||    10
Armor: Leather armour    |    36 |    35 ||    71
Dodge: Dodged            |    86 |   142 ||   228
